 Dungeon Crawl Stone Soup version 0.30-a0-279-g4b46babb21 (webtiles) character file.

Game seed: 4618551680588103298

87 hikkokomori the Sneak (level 4, -4/28 HPs)
             Began as a Tengu Brigand on Oct 16, 2022.
             Slain by a river rat (6 damage)
             ... on level 3 of the Dungeon.
             The game lasted 00:03:30 (1564 turns).

hikkokomori the Sneak (Tengu Brigand)               Turns: 1564, Time: 00:03:31

Health: -4/28      AC:  3    Str: 12    XL:     4   Next: 51%
Magic:  5/5        EV: 13    Int: 17    God:
Gold:   136        SH:  0    Dex: 17    Spells: 3/3 levels left

rFire   + . .      SeeInvis .    a - +2 dagger
rCold   . . .      Faith    .    (no shield)
rNeg    . . .      Spirit   .    b - +0 robe
rPois   .          Reflect  .    (helmet restricted)
rElec   .          Harm     .    c - +0 cloak
rCorr   .          Rampage  .    (no gloves)
Will    .....                    (boots unavailable)
Stlth   +++.......               j - amulet of magic regeneration
HPRegen 0.24/turn                g - ring of protection from fire
MPRegen 0.49/turn                p - +6 ring of intelligence

@: no status effects
A: beak, talons 3
a: no special abilities


You were on level 3 of the Dungeon.
You visited 1 branch of the dungeon, and saw 3 of its levels.

You collected 136 gold pieces.

Inventory:

Hand Weapons
 a - a +2 dagger (weapon)
Missiles
 d - 9 poisoned darts (quivered)
 e - 3 curare-tipped darts
 n - 5 silver javelins
Armour
 b - a +0 robe (worn)
 c - a +0 cloak (worn)
Jewellery
 g - a ring of protection from fire (left hand)
 j - an amulet of magic regeneration (around neck)
 p - a +6 ring of intelligence (right hand)
 q - a ring of see invisible
Scrolls
 f - a scroll of vulnerability
 h - a scroll of fear {unknown}
 m - a scroll of teleportation {unknown}
Potions
 i - a potion of mutation {unknown}
 k - a potion of brilliance
 l - 3 potions of haste
 o - a potion of heal wounds {unknown}


   Skills:
 + Level 3.5 Fighting
 - Level 2.1 Short Blades
 - Level 2.0 Throwing
 + Level 3.3 Dodging
 - Level 4.0 Stealth


You had 3 spell levels left.
You didn't know any spells.
Your spell library was empty.

Dungeon Overview and Level Annotations

Branches:
Dungeon (3/15)

Altars:

Shops:
D:2 [


Innate Abilities, Weirdness & Mutations

You have a beak for a mouth.
You have claws for feet.


Message History

You barely miss the river rat. Your kick misses the river rat.
The river rat barely misses you.
You hit the river rat.
You peck the river rat, but do no damage.
The river rat is lightly wounded.
The river rat misses you.
Your unstable footing causes you to fumble your attack.
The river rat bites you.
You closely miss the river rat. Your kick misses the river rat.
The river rat is lightly wounded.
The river rat bites you.
You hit the river rat but do no damage. You peck the river rat.
The river rat is heavily wounded.
The river rat completely misses you. The river rat attacks as you move away!
The river rat bites you.
You see here a worm corpse.
You are too injured to fight recklessly!
You are too injured to fight recklessly!
You hit the river rat but do no damage. You claw the river rat.
Your peck misses the river rat.
The river rat is severely wounded.
The river rat bites you.
* * * LOW HITPOINT WARNING * * *
You hit the river rat.
The river rat is almost dead.
The river rat bites you.
* * * LOW HITPOINT WARNING * * *
You hit the river rat but do no damage.
The river rat is almost dead.
The river rat closely misses you.
You hit the river rat but do no damage. Your kick misses the river rat.
The river rat is almost dead.
The river rat bites you.
* * * LOW HITPOINT WARNING * * *
You closely miss the river rat.
You claw the river rat, but do no damage.
The river rat is almost dead.
The river rat twitches its whiskers.
The river rat bites you.
You die...

####******
#..~~+~~~*
#...~*~∩~*
#.~~~*~~~*
#..~~+####
#...~~~~~#
#....B.~~#
#.....r~.#
#.....@..#
######.#.#
#.....#
###.#####
##...#
#..###
##.##
##..#
#..##


You could see a river rat and a giant cockroach.

Vanquished Creatures
  Jessica (D:2)
  An adder (D:2)
  A worm (D:3)
  A dart slug (D:2)
  A bat (D:2)
  3 endoplasms
  2 giant cockroaches (D:2)
  9 goblins
  4 hobgoblins
  2 jackals (D:2)
  2 kobolds
  2 quokkas (D:1)
  3 ball pythons
  5 frilled lizards
  7 rats
44 creatures vanquished.

Notes
Turn   | Place    | Note
-------+----------+-------------------------------------------
     0 | D:1      | hikkokomori the Tengu Brigand began the quest for the Orb.
     0 | D:1      | Reached XP level 1. HP: 12/12 MP: 2/2
   146 | D:1      | Reached XP level 2. HP: 18/18 MP: 3/3
   858 | D:2      | Reached XP level 3. HP: 22/22 MP: 4/4
  1056 | D:2      | Found Uffi's Antique Armour Boutique.
  1269 | D:2      | Noticed Jessica
  1276 | D:2      | Killed Jessica
  1277 | D:2      | Reached XP level 4. HP: 28/28 MP: 5/5
  1376 | D:2      | Found a faded altar of an unknown god.
  1564 | D:3      | Slain by a river rat

Illustrated notes

Levels and vault maps discovered:
D:1:      dpeg_arrival_pits, layout_loops_corners
D:2:      layout_loops_ring, serial_shops, nicolae_shop_statue_plus,
          ebering_ecumenical_altar_mist, uniq_jessica
D:3:      layout_basic, portal_sewer_entry_e, nicolae_eternal_life

Skill      XL: |  1  2  3 |
---------------+----------+-----
Dodging        | 2 3 |  3.3
Fighting       | 3 |  3.5
Short Blades   | |  2.1
Throwing       | |  2.0
Stealth        | |  4.0

Action                   |  1- 3 |  4- 6 || total
-------------------------+-------+-------++-------
Melee: Dagger            |    74 |    24 ||    98
       Kick              |    12 |     5 ||    17
       Peck              |     5 |     4 ||     9
  Use: Scroll            |     2 |     3 ||     5
 Stab: Sleeping          |    14 |       ||    14
Armor: Robe              |    10 |       ||    10
Dodge: Dodged            |    37 |    12 ||    49

Table legend: (Time is in decaauts)
 A = Elapsed time spent in this place.
 B = Non-inter-level travel time spent in this place.
 C = Inter-level travel time spent in this place.
 D = Time resting spent in this place.
 E = Time spent auto-exploring this place.
 F = Levels seen in this place.
 G = Mean time per level.
                   A        B        C        D        E       F      G
               +--------+--------+--------+--------+--------+-----+--------+
         Total |   1553 |   1473 |     80 |      0 |   1140 |   3 |  517.7 |
       Dungeon |   1553 |   1473 |     80 |      0 |   1140 |   3 |  517.7 |
               +--------+--------+--------+--------+--------+-----+--------+

Top non-repeatable levels by time:
     D:1: 825 daAuts
     D:2: 590 daAuts
     D:3: 137 daAuts
